 Dungeon Crawl Stone Soup version 0.29.1-12-g30fa7ad0bf (webtiles) character file.

Game seed: 3795118306665283031

644 wormed the Chopper (level 7, -3/61 HPs)
             Began as a Hill Orc Fighter on Dec 22, 2022.
             Slain by Pikel
             ... wielding a +0 whip of freezing
              (5 damage)
             ... on level 4 of the Dungeon.
             The game lasted 00:06:31 (4836 turns).

wormed the Chopper (Hill Orc Fighter)               Turns: 4836, Time: 00:06:31

Health: -3/61      AC:  9    Str: 21    XL:     7   Next: 52%
Magic:  7/7        EV:  7    Int:  8    God:
Gold:   202        SH:  5    Dex: 10    Spells: 6/6 levels left

rFire   . . .      SeeInvis .   a - +0 war axe
rCold   . . .      Faith    .   c - +0 buckler
rNeg    . . .      Spirit   .   n - +0 chain mail
rPois   .          Reflect  .   (no helmet)
rElec   .          Harm     .   (no cloak)
rCorr   +          Rampage  .   (no gloves)
Will    .....                   (no boots)
Stlth   ..........              (no amulet)
HPRegen 0.20/turn               k - ring of resist corrosion
MPRegen 0.10/turn               (no ring)

@: no status effects
A: no striking features
a: no special abilities


You were on level 4 of the Dungeon.
You visited 1 branch of the dungeon, and saw 4 of its levels.
You also visited: Sewer.

You collected 202 gold pieces.

Inventory:

Hand Weapons
 a - a +0 war axe (weapon)
 j - a +2 antimagic whip
Missiles
 q - 5 curare-tipped darts (quivered)
Armour
 c - a +0 buckler (worn)
 n - a +0 chain mail (worn)
Jewellery
 k - a ring of resist corrosion (left hand)
Wands
 o - a wand of paralysis (5)
Scrolls
 f - a scroll of enchant armour {unknown}
 g - a scroll of noise
 h - 5 scrolls of teleportation
 l - a scroll of torment {unknown}
 m - a scroll of enchant weapon {unknown}
 r - a scroll of immolation {unknown}
 s - 2 scrolls of identify {unknown}
 t - a scroll of fear {unknown}
Potions
 e - a potion of brilliance {unknown}
 p - a potion of mutation {unknown}
 u - a potion of heal wounds {unknown}
 v - 2 potions of magic {unknown}


   Skills:
 + Level 5.6 Fighting
 * Level 7.0 Axes
 + Level 5.0 Armour
 + Level 5.0 Shields


You had 6 spell levels left.
You didn't know any spells.
Your spell library contained the following spells:

 Spells                   Type           Power      Damage    Failure   Level
 Beastly Appendage        Tmut           0%         N/A       99%         1
 Freeze                   Ice            0%         1d3       99%         1
 Summon Small Mammal      Summ           0%         N/A       99%         1
 Ensorcelled Hibernation  Hex/Ice        0%         N/A       100%        2
 Wereblood                Tmut           0%         N/A       100%        2
 Call Canine Familiar     Summ           0%         N/A       100%        3
 Frozen Ramparts          Ice            0%         1d1       100%        3
 Gell's Gravitas          Tloc           0%         N/A       100%        3
 Lesser Beckoning         Tloc           0%         N/A       100%        3
 Spider Form              Tmut/Pois      0%         N/A       100%        3
 Summon Guardian Golem    Hex/Summ       0%         N/A       100%        3
 Teleport Other           Tloc           0%         N/A       100%        3
 Anguish                  Hex/Necr       0%         N/A       100%        4
 Hailstorm                Conj/Ice       0%         3d3       100%        4
 Blade Hands              Tmut           0%         N/A       100%        5
 Irradiate                Conj/Tmut      0%         3d11      100%        5
 Dispersal                Tloc           0%         N/A       100%        6
 Dragon Form              Tmut           0%         N/A       100%        7
 Disjunction              Tloc           0%         N/A       100%        8


Dungeon Overview and Level Annotations

Branches:
Dungeon (4/15)              Sewer (visited)
 Temple: D:4-7

Altars:

Annotations:
D:4 Pikel


Message History

Pikel says, "Hell isn't that bad."
You block Pikel's attack.
You barely miss Pikel.
Pikel is almost dead.
You block Pikel's attack.
You slash Pikel!
Pikel is almost dead.
Pikel says, "Hell isn't that bad."
Pikel hits you with a +0 whip of freezing.
Pikel freezes you.
You closely miss Pikel.
Pikel is almost dead.
Pikel hits you with a +0 whip of freezing.
Pikel freezes you.
You miss Pikel.
Pikel is almost dead.
Pikel hits you but does no damage.
You closely miss Pikel.
Pikel is almost dead.
Pikel hits you with a +0 whip of freezing.
Pikel freezes you.
You hit Pikel but do no damage.
Pikel is almost dead.
You block Pikel's attack. Pikel closely misses you.
You hit Pikel.
Pikel is almost dead.
Pikel hits you with a +0 whip of freezing.
* * * LOW HITPOINT WARNING * * *
Pikel freezes you.
* * * LOW HITPOINT WARNING * * *
Pikel attacks as you move away!
Pikel hits you with a +0 whip of freezing.
* * * LOW HITPOINT WARNING * * *
Pikel freezes you.
* * * LOW HITPOINT WARNING * * *
There is a stone staircase leading up here.
Pikel hits you with a +0 whip of freezing!
* * * LOW HITPOINT WARNING * * *
Pikel freezes you.
You die...

##
##################..
##......K5.5.....##.##
.......@####.###.#...
##.#.#### #.# #.#..# #
###.###.#..#
+....##.#..#
#..#.......#
##.....>##.#
##.#K..##.# #.#...##.#
..#...##.####


You could see Pikel and 2 lemures.

Vanquished Creatures
  An ogre (D:4)
  2 lemures (D:4)
  2 bullfrogs (Sewer)
  An orc priest (D:3)
  Ijyb (D:2)
  Natasha (thrice) (D:3)
  An iguana (D:2)
  An orc wizard (D:3)
  A gnoll (D:1)
  10 adders
  6 river rats (Sewer)
  2 worms
  3 dart slugs
  2 orcs (D:3)
  3 bats
  10 endoplasms
  3 giant cockroaches
  5 goblins
  7 hobgoblins
  3 quokkas
  8 ball pythons
  6 frilled lizards
  3 kobolds
  28 rats
112 creatures vanquished.

Vanquished Creatures (others)
  3 fungi (D:1)
  2 plants (D:1)
5 creatures vanquished.

Grand Total: 117 creatures vanquished

Notes
Turn   | Place    | Note
-------+----------+-------------------------------------------
     0 | D:1      | wormed the Hill Orc Fighter began the quest for the Orb.
     0 | D:1      | Reached XP level 1. HP: 19/19 MP: 1/1
   195 | D:1      | Reached skill level 3 in Axes
   206 | D:1      | Reached XP level 2. HP: 24/27 MP: 2/2
   506 | D:1      | Reached XP level 3. HP: 30/33 MP: 3/3
   620 | D:1      | Found a faded altar of an unknown god.
  1246 | D:2      | Reached skill level 4 in Axes
  1278 | D:2      | Reached XP level 4. HP: 38/40 MP: 4/4
  2025 | D:3      | Noticed Natasha
  2056 | D:3      | Killed Natasha
  2057 | D:3      | Reached XP level 5. HP: 18/47 MP: 5/5
  2255 | D:3      | Noticed Ijyb
  2272 | D:3      | Paralysed by Ijyb for 2 turns
  2278 | D:2      | Reached skill level 5 in Axes
  2283 | D:2      | Paralysed by Ijyb for 5 turns
  2288 | D:2      | Killed Ijyb
  2911 | D:3      | Noticed Natasha
  2921 | D:3      | Killed Natasha
  2922 | D:3      | Reached XP level 6. HP: 45/55 MP: 6/6
  3277 | D:3      | Noticed Natasha
  3289 | D:3      | Killed Natasha
  3496 | D:4      | Found a glowing drain.
  3513 | D:4      | Reached skill level 5 in Fighting
  3513 | D:4      | Reached skill level 6 in Axes
  3552 | Sewer    | Entered a sewer
  3886 | Sewer    | Reached XP level 7. HP: 32/61 MP: 7/7
  4222 | Sewer    | Reached skill level 7 in Axes
  4222 | Sewer    | Reached skill level 5 in Armour
  4222 | Sewer    | Reached skill level 5 in Shields
  4510 | D:4      | Noticed Pikel
  4521 | D:4      | HP: 3/61 [Pikel/+0 whip of freezing (3)]
  4836 | D:4      | HP: 2/61 [Pikel/+0 whip of freezing (10)]
  4836 | D:4      | Slain by Pikel

Illustrated notes

Levels and vault maps discovered:
D:1:      onia_arrival_handbag, layout_rooms,
          dreamdust_ecumenical_altar_hidden_monk_grotto,
          dreamdust_mushroom_princess, dreamdust_wishing_well,
          minmay_door_square
D:2:      layout_basic
D:3:      layout_loops_corners, uniq_natasha, uniq_ijyb
D:4:      layout_loops_ring, grunt_dithmenos_smoke_and_mirrors, slow_altar_1,
          serial_rivers, chequers_serial_rivers_micro_d,
          chequers_serial_rivers_micro_d, chequers_serial_rivers_small_b,
          chequers_serial_rivers_micro_b, chequers_serial_rivers_micro_e,
          chequers_serial_rivers_room_a, cheibrodos_sewer_entry_drain,
          nicolae_ossuary_entry_ruins, uniq_pikel, uniq_grinder, uniq_eustachio

Skill      XL: |  1  2  3  4  5  6  7 |
---------------+----------------------+-----
Axes           | 3 4 5 6 7 |  7.0
Fighting       | 4 5 |  5.6
Armour         | 4 5 |  5.0
Shields        | 4 5 |  5.0

Action                   |  1- 3 |  4- 6 |  7- 9 || total
-------------------------+-------+-------+-------++-------
Melee: War axe           |   116 |   172 |   100 ||   388
  Use: Scroll            |       |     1 |     2 ||     3
       Potion            |       |       |     4 ||     4
Armor: Scale mail        |    61 |     5 |       ||    66
       Chain mail        |       |    87 |    85 ||   172
Dodge: Dodged            |    57 |    58 |    57 ||   172
Block: Buckler           |    24 |    41 |    29 ||    94
